SNL (28 & UNDER)
WEST VIRGINIA POWER @ SALEM SILVER SOULS
07/19/2027
 
TOP OF THE 1ST
West Virginia Power batting - Pitching for Salem Silver Souls : RHP Isaac Coleman
Pitching: RHP Isaac Coleman
Batting: LHB Júlio Martínez 0-0: Swinging Strike
0-1: Ball
1-1: Ball
2-1: Ball
3-1: Foul Ball, location: 2F
3-2: Foul Ball, location: 2F
3-2: Foul Ball, location: 2F
3-2: Base on Balls
Batting: RHB Brett Bell 0-0: Ball
Júlio Martínez steals 2nd base
1-0: Foul Ball, location: 2F
1-1: Ball
2-1: Ground out 6-3 (Groundball, 6)
Júlio Martínez to third
Batting: RHB Dave McGrath 0-0: Ball
1-0: Swinging Strike
1-1: Swinging Strike
1-2: Ball
2-2: Foul Ball, location: 2F
2-2: Fly out, F9 (Flyball, 9LMF)
Runner from 3rd tags up, SCORES, no throw
Batting: RHB Tony Parker 0-0: Ball
1-0: Foul Ball, location: 2F
1-1: Called Strike
1-2: Strikes out swinging
Top of the 1st over - 1 run(s), 0 hit(s), 0 error(s), 0 left on base; West Virginia 1 - Salem 0
BOTTOM OF THE 1ST
Salem Silver Souls batting - Pitching for West Virginia Power : RHP Rod Day
Pitching: RHP Rod Day
Batting: SHB Tony Yan 0-0: Called Strike
0-1: Ball
1-1: Ball
2-1: Ball
3-1: Base on Balls
Batting: RHB Ron Edwards 0-0: Ball
1-0: Called Strike
1-1: Called Strike
Tony Yan steals 2nd base
1-2: Ground out 3-1 (Groundball, 34)
Tony Yan to third
Batting: LHB Jermaine Carter 0-0: Called Strike
0-1: SINGLE (Flyball, 7S)
Tony Yan scores
Batting: LHB Nick Scott 0-0: Ball
Jermaine Carter is caught stealing 2nd base
1-0: Ball
2-0: Ball
3-0: Base on Balls
Batting: RHB Gustavo Pagán 0-0: Ball
1-0: Ball
2-0: Fly out, F7 (Flyball, 7LS)
Bottom of the 1st over - 1 run(s), 1 hit(s), 0 error(s), 1 left on base; West Virginia 1 - Salem 1
TOP OF THE 2ND
West Virginia Power batting - Pitching for Salem Silver Souls : RHP Isaac Coleman
Batting: RHB Aaron Murray 0-0: Ball
1-0: Ball
2-0: Ball
3-0: Base on Balls
Batting: RHB Jesse McKnight 0-0: Called Strike
Pickoff Throw to First - Out!
0-1: Ball
1-1: Ball
2-1: Swinging Strike
2-2: Strikes out swinging
Batting: LHB Lúcio Anaya 0-0: Foul Ball, location: 2F
0-1: Ball
1-1: Ball
2-1: Foul Ball, location: 2F
2-2: Ball
3-2: Foul Ball, location: 2F
3-2: Foul Ball, location: 2F
3-2: Strikes out swinging
Top of the 2nd over - 0 run(s), 0 hit(s), 0 error(s), 0 left on base; West Virginia 1 - Salem 1
BOTTOM OF THE 2ND
Salem Silver Souls batting - Pitching for West Virginia Power : RHP Rod Day
Batting: RHB Gabriel Miranda 0-0: Swinging Strike
0-1: Swinging Strike
0-2: Strikes out looking
Batting: RHB Brian Dixon 0-0: Ball
1-0: Ball
2-0: Ball
3-0: Called Strike
3-1: Foul Ball, location: 2F
3-2: SINGLE (Groundball, 6MD)
Batting: SHB Jesús Sosa 0-0: Foul Ball, location: 2F
0-1: Foul Ball, location: 2F
0-2: Ball
1-2: Foul Ball, location: 2F
1-2: Ball
2-2: Ball
3-2: Foul Ball, location: 2F
3-2: DOUBLE (Line Drive, 78D)
Brian Dixon to third
Batting: RHB Jim Villiers 0-0: Swinging Strike
0-1: Ball
1-1: Foul Ball, location: 2F
1-2: SINGLE (Groundball, 6MD)
Brian Dixon scores
Jesús Sosa to third
Runner from 3rd tries for Home, SAFE, no throw
Batting: SHB Tony Yan 0-0: Ball
1-0: Ball
2-0: Foul Ball, location: 2F
2-1: Foul Ball, location: 2F
2-2: Foul Ball, location: 2F
2-2: Ball
3-2: Fly out, F9 (Flyball, 9LM)
Batting: RHB Ron Edwards 0-0: Ball
1-0: Fielders Choice at 2nd, U6 (Groundball, 6M)
Bottom of the 2nd over - 2 run(s), 3 hit(s), 0 error(s), 1 left on base; West Virginia 1 - Salem 3
TOP OF THE 3RD
West Virginia Power batting - Pitching for Salem Silver Souls : RHP Isaac Coleman
Batting: SHB Waylon Adams 0-0: Called Strike
0-1: Swinging Strike
0-2: Ball
1-2: Ball
2-2: Strikes out swinging
Batting: SHB Clint Woods 0-0: Called Strike
0-1: SINGLE (Groundball, 3D)
Batting: LHB Júlio Martínez 0-0: Ground out 5-3 (Groundball, 56S)
Clint Woods to second
Batting: RHB Brett Bell 0-0: Ball
1-0: Called Strike
1-1: Ground out 5-3 (Groundball, 56S)
Top of the 3rd over - 0 run(s), 1 hit(s), 0 error(s), 1 left on base; West Virginia 1 - Salem 3
BOTTOM OF THE 3RD
Salem Silver Souls batting - Pitching for West Virginia Power : RHP Rod Day
Batting: LHB Jermaine Carter 0-0: Ball
1-0: Ground out 5-3 (Groundball, 56S)
Batting: LHB Nick Scott 0-0: Called Strike
0-1: Ball
1-1: Ball
2-1: Fly out, F8 (Flyball, 8LM)
Batting: RHB Gustavo Pagán 0-0: Ball
1-0: Foul Ball, location: 2F
1-1: SINGLE (Line Drive, 4)
Batting: RHB Gabriel Miranda 0-0: Ball
1-0: Called Strike
1-1: Called Strike
1-2: Ball
2-2: Strikes out swinging, 2-3 out at first.
Bottom of the 3rd over - 0 run(s), 1 hit(s), 0 error(s), 1 left on base; West Virginia 1 - Salem 3
TOP OF THE 4TH
West Virginia Power batting - Pitching for Salem Silver Souls : RHP Isaac Coleman
Batting: RHB Dave McGrath 0-0: Foul Ball, location: 2F
0-1: Called Strike
0-2: Ball
1-2: Ball
2-2: Ground out 6-3 (Groundball, 6M)
Batting: RHB Tony Parker 0-0: Ball
1-0: Ball
2-0: Foul Ball, location: 2F
2-1: Foul Ball, location: 2F
2-2: Foul Ball, location: 2F
2-2: Foul Ball, location: 2F
2-2: Foul Ball, location: 2F
2-2: Fly out, F4 (Line Drive, 4)
Batting: RHB Aaron Murray 0-0: Called Strike
0-1: Ball
1-1: Foul Ball, location: 2F
1-2: Ball
2-2: Foul Ball, location: 2F
2-2: Ground out 5-3 (Groundball, 56)
Top of the 4th over - 0 run(s), 0 hit(s), 0 error(s), 0 left on base; West Virginia 1 - Salem 3
BOTTOM OF THE 4TH
Salem Silver Souls batting - Pitching for West Virginia Power : RHP Rod Day
Batting: RHB Brian Dixon 0-0: Called Strike
0-1: Ball
1-1: Ball
2-1: Foul Ball, location: 2F
2-2: Ball
3-2: Strikes out swinging
Batting: SHB Jesús Sosa 0-0: Ball
1-0: Called Strike
1-1: Foul Ball, location: 2F
1-2: SINGLE (Groundball, 56) (infield hit)
Batting: RHB Jim Villiers 0-0: Ball
1-0: Fly out, F9 (Flyball, 89D)
Batting: SHB Tony Yan 0-0: Swinging Strike
0-1: Ball
1-1: Ball
2-1: Ball
3-1: Ground out 3-1 (Groundball, 34)
Bottom of the 4th over - 0 run(s), 1 hit(s), 0 error(s), 1 left on base; West Virginia 1 - Salem 3
TOP OF THE 5TH
West Virginia Power batting - Pitching for Salem Silver Souls : RHP Isaac Coleman
Batting: RHB Jesse McKnight 0-0: Ball
1-0: Ball
2-0: Ball
3-0: Called Strike
3-1: Foul Ball, location: 2F
3-2: Base on Balls
Pitching: RHP Bob Bartell
Batting: LHB Lúcio Anaya 0-0: Ball
1-0: Ball
2-0: Called Strike
2-1: Called Strike
2-2: Foul Ball, location: 2F
2-2: Strikes out swinging
Batting: SHB Waylon Adams 0-0: Called Strike
Jesse McKnight steals 2nd base
0-1: Foul Ball, location: 2F
0-2: Ball
1-2: Ball
Passed Ball!
Jesse McKnight to third
2-2: Ball
3-2: Strikes out swinging
Batting: SHB Clint Woods 0-0: Ball
1-0: Swinging Strike
1-1: Foul Ball, location: 2F
1-2: SINGLE (Flyball, 8RS)
Jesse McKnight scores
Batting: LHB Júlio Martínez 0-0: Ball
1-0: Ball
2-0: Called Strike
2-1: Ball
3-1: Foul Ball, location: 2F
3-2: Foul Ball, location: 2F
3-2: Foul Ball, location: 2F
3-2: DOUBLE (Line Drive, 7LM)
Clint Woods to third
Clint Woods scores
Batting: RHB Brett Bell 0-0: Foul Ball, location: 2F
0-1: Called Strike
0-2: Strikes out swinging
Top of the 5th over - 2 run(s), 2 hit(s), 0 error(s), 1 left on base; West Virginia 3 - Salem 3
BOTTOM OF THE 5TH
Salem Silver Souls batting - Pitching for West Virginia Power : RHP Rod Day
Batting: RHB Ron Edwards 0-0: Called Strike
0-1: Swinging Strike
0-2: Strikes out swinging
Batting: LHB Jermaine Carter 0-0: Called Strike
0-1: Ball
1-1: Fly out, F6 (Line Drive, 6)
Batting: LHB Nick Scott 0-0: Ball
1-0: Called Strike
1-1: Swinging Strike
1-2: Ball
2-2: Ball
3-2: Strikes out swinging
Bottom of the 5th over - 0 run(s), 0 hit(s), 0 error(s), 0 left on base; West Virginia 3 - Salem 3
TOP OF THE 6TH
West Virginia Power batting - Pitching for Salem Silver Souls : RHP Bob Bartell
Batting: RHB Dave McGrath 0-0: Swinging Strike
0-1: Ball
1-1: Ball
2-1: Foul Ball, location: 2F
2-2: Ball
3-2: Foul Ball, location: 2F
3-2: Base on Balls
Batting: RHB Tony Parker 0-0: Called Strike
0-1: Ball
1-1: Ball
2-1: Ball
3-1: SINGLE (Flyball, 7S)
Dave McGrath to second
Pitching: RHP Mario Navarro
Batting: RHB Aaron Murray 0-0: Ball
1-0: Swinging Strike
1-1: Ball
2-1: Called Strike
2-2: Strikes out swinging
Batting: RHB Jesse McKnight 0-0: Ball
1-0: Ball
2-0: SINGLE (Groundball, 4MD)
Dave McGrath to third
Tony Parker to second
Runner from 3rd tries for Home, SAFE, no throw
Batting: LHB Lúcio Anaya 0-0: Ball
1-0: Called Strike
1-1: Ball
Tony Parker steals 3rd base
Jesse McKnight to second
2-1: SINGLE (Groundball, 34D)
Tony Parker scores
Jesse McKnight to third
Runner from 3rd tries for Home, throw and OUT!
Lúcio Anaya to second
Batting: SHB Waylon Adams 0-0: Ball
1-0: Ball
2-0: Ball
3-0: Base on Balls
Batting: SHB Clint Woods 0-0: Ball
1-0: Called Strike
1-1: DOUBLE (Line Drive, 7LD)
Lúcio Anaya scores
Waylon Adams to third
Runner from 3rd tries for Home, throw and OUT!
Top of the 6th over - 3 run(s), 4 hit(s), 0 error(s), 1 left on base; West Virginia 6 - Salem 3
BOTTOM OF THE 6TH
Salem Silver Souls batting - Pitching for West Virginia Power : RHP Rod Day
Pitching: RHP Mike Frank
Batting: RHB Gustavo Pagán 0-0: Called Strike
0-1: Foul Ball, location: 2F
0-2: Strikes out looking
Batting: RHB Gabriel Miranda 0-0: DOUBLE (Line Drive, 7LM)
Batting: RHB Brian Dixon 0-0: Ball
1-0: Ball
2-0: Ball
3-0: Called Strike
3-1: Foul Ball, location: 2F
3-2: SINGLE (Line Drive, 6MD)
Gabriel Miranda to third
Batting: SHB Jesús Sosa 0-0: Ball
1-0: Ball
Brian Dixon steals 2nd base
2-0: Ground out 4-3 (Groundball, 4)
Gabriel Miranda scores
Brian Dixon to third
Batting: RHB Jim Villiers 0-0: Foul Ball, location: 2F
0-1: Ball
1-1: Called Strike
1-2: Foul Ball, location: 2F
1-2: Foul Ball, location: 2F
1-2: Foul Ball, location: 2F
1-2: DOUBLE (Line Drive, 8LXD)
Brian Dixon scores
Batting: SHB Tony Yan 0-0: Foul Ball, location: 2F
0-1: Ball
1-1: SINGLE (Groundball, 34D)
Jim Villiers to third
Runner from 3rd tries for Home, SAFE, no throw
Pitching: RHP Germán Hernández
Batting: RHB Ron Edwards 0-0: Called Strike
0-1: Ball
1-1: Ball
2-1: SINGLE (Flyball, 9S)
Tony Yan to second
Runner from 2nd tries for 3rd, SAFE, no throw
Batting: LHB Jermaine Carter 0-0: Called Strike
0-1: Fielders Choice at 2nd, 4-6 (Groundball, 4)
Bottom of the 6th over - 3 run(s), 5 hit(s), 0 error(s), 1 left on base; West Virginia 6 - Salem 6
TOP OF THE 7TH
West Virginia Power batting - Pitching for Salem Silver Souls : RHP Mario Navarro
Pinch Hitting: LHB José González 0-0: Ground out 1-3 (Groundball, 13)
Batting: RHB Brett Bell 0-0: Called Strike
0-1: Ball
1-1: Foul Ball, location: 2F
1-2: Hit by Pitch
Pinch Hitting: RHB Roberto Tobías 0-0: Ball
1-0: Ball
2-0: Called Strike
2-1: Ball
3-1: Swinging Strike
3-2: Base on Balls
Brett Bell to second
Pinch Hitting: RHB Will Lott 0-0: SINGLE (Line Drive, 7S)
Brett Bell to third
Roberto Tobías to second
Runner from 3rd tries for Home, SAFE, throw made home
Roberto Tobías to third
Will Lott to second
Batting: RHB Aaron Murray 0-0: Called Strike
0-1: Foul Ball, location: 2F
0-2: Ball
1-2: Strikes out looking
Batting: RHB Jesse McKnight 0-0: Called Strike
0-1: Ball
1-1: Ball
2-1: Ball
3-1: Base on Balls
Batting: LHB Lúcio Anaya 0-0: Ball
1-0: Called Strike
1-1: Fly out, F8 (Line Drive, 8LM)
Top of the 7th over - 1 run(s), 1 hit(s), 0 error(s), 3 left on base; West Virginia 7 - Salem 6
BOTTOM OF THE 7TH
Salem Silver Souls batting - Pitching for West Virginia Power : RHP Germán Hernández
Pitching: LHP Edmond Summers
Now at 3B: Ron Guillén
Now at SS: Claudio Morán
Now in RF: José González
Batting: LHB Nick Scott 0-0: Ball
1-0: Called Strike
1-1: Ball
2-1: Foul Ball, location: 2F
2-2: Foul Ball, location: 2F
2-2: Ball
3-2: Strikes out swinging, 2-3 out at first.
Pitching: RHP Mark Osborne
Batting: RHB Gustavo Pagán 0-0: Called Strike
0-1: Foul Ball, location: 2F
0-2: Foul Ball, location: 2F
0-2: Ground out 6-3 (Groundball, 6)
Batting: RHB Gabriel Miranda 0-0: Called Strike
0-1: Ball
1-1: Foul Ball, location: 2F
1-2: Ball
2-2: Ball
3-2: Foul Ball, location: 2F
3-2: Strikes out looking
Bottom of the 7th over - 0 run(s), 0 hit(s), 0 error(s), 0 left on base; West Virginia 7 - Salem 6
TOP OF THE 8TH
West Virginia Power batting - Pitching for Salem Silver Souls : RHP Mario Navarro
Batting: SHB Waylon Adams 0-0: Called Strike
0-1: Swinging Strike
0-2: Foul Ball, location: 2F
0-2: Foul Ball, location: 2F
0-2: Ball
1-2: Ball
2-2: Ball
3-2: Base on Balls
Batting: SHB Clint Woods 0-0: Ball
1-0: Ball
2-0: Ball
3-0: Base on Balls
Waylon Adams to second
Batting: LHB José González 0-0: Ball
1-0: Ball
2-0: Called Strike
2-1: Called Strike
2-2: Fly out, F9 (Flyball, 9)
Pitching: RHP Tim Cameron
Batting: RHB Brett Bell 0-0: Grounds into double play, 6-4-3 (Groundball, 6)
Top of the 8th over - 0 run(s), 0 hit(s), 0 error(s), 1 left on base; West Virginia 7 - Salem 6
BOTTOM OF THE 8TH
Salem Silver Souls batting - Pitching for West Virginia Power : RHP Mark Osborne
Pitching: RHP Steve Snyder
Batting: RHB Brian Dixon 0-0: Called Strike
0-1: Called Strike
0-2: SOLO HOME RUN (Flyball, 7D), Distance : 399 ft
Batting: SHB Jesús Sosa 0-0: Ball
1-0: Ball
2-0: Foul Ball, location: 2F
2-1: Called Strike
2-2: Ball
3-2: Foul Ball, location: 2F
3-2: Base on Balls
Batting: RHB Jim Villiers 0-0: Ball
1-0: Ball
2-0: Sac Bunt - play at first, batter OUT! 1-3
Jesús Sosa to second
Batting: SHB Tony Yan 0-0: Fly out, F8 (Flyball, 8RM)
Pinch Hitting: LHB Hamilton Hughes 0-0: Ball
1-0: Ball
2-0: Ball
3-0: Base on Balls
Batting: LHB Jermaine Carter 0-0: Fly out, F8 (Flyball, 89S)
Bottom of the 8th over - 1 run(s), 1 hit(s), 0 error(s), 2 left on base; West Virginia 7 - Salem 7
TOP OF THE 9TH
West Virginia Power batting - Pitching for Salem Silver Souls : RHP Tim Cameron
Pitching: RHP Taylor Bowen
Now at 1B: Hamilton Hughes
Pinch Hitting: RHB Lance Wolf 0-0: Foul Ball, location: 2F
0-1: Swinging Strike
0-2: Ball
1-2: Strikes out looking
Batting: SHB Claudio Morán 0-0: Ball
1-0: Foul Ball, location: 2F
1-1: Ball
2-1: Called Strike
2-2: Ball
3-2: Foul Ball, location: 2F
3-2: SINGLE (Groundball, 56D)
Pinch Hitting: RHB Jesse Moore 0-0: Ball
Claudio Morán is caught stealing 2nd base
1-0: SINGLE (Line Drive, 6MD)
Batting: RHB Jesse McKnight 0-0: Foul Ball, location: 2F
0-1: Ball
1-1: Foul Ball, location: 2F
1-2: Strikes out swinging
Top of the 9th over - 0 run(s), 2 hit(s), 0 error(s), 1 left on base; West Virginia 7 - Salem 7
BOTTOM OF THE 9TH
Salem Silver Souls batting - Pitching for West Virginia Power : RHP Steve Snyder
Now at 3B: Jesse Moore
Now in CF: Héctor Soto
Batting: LHB Nick Scott 0-0: Called Strike
0-1: Ball
1-1: Ball
2-1: Called Strike
2-2: Ball
3-2: Strikes out swinging
Batting: RHB Gustavo Pagán 0-0: Hit by Pitch
Batting: RHB Gabriel Miranda 0-0: Called Strike
0-1: Foul Ball, location: 2F
0-2: DOUBLE (Groundball, 5L)
Gustavo Pagán to third
Batting: RHB Brian Dixon 0-0: Intentional Walk
Batting: SHB Jesús Sosa 0-0: Called Strike
0-1: Ball
1-1: Foul Ball, location: 2F
1-2: Strikes out looking
Batting: RHB Jim Villiers 0-0: Ball
1-0: Foul Ball, location: 2F
1-1: Ball
2-1: Ball
3-1: Base on Balls
Gustavo Pagán scores
Gabriel Miranda to third
Brian Dixon to second
Thursday, March 30th, 2017 - OOTP Baseball 17.12 Build 75